cohdb
Replays
Latest Replays
All Replays
Popular Replays
Top Player Replays
Match Explorer
How It Works
Community
CoH3 Stats
Reddit
Sign in to upload your games and track your stats! →
Sign in with Steam
Match 41900559
Unlisted
Match 41900559
Overview
Messages
Build Orders
End
Construct Barracks
Riflemen Squad
1⁄4-ton 4x4 Truck
M1 Mortar Team
Riflemen Squad
Infantry Support Center
Construct Medical Station
M1 Mortar Team
Construct Motor Pool
M8 Greyhound Armored Car
M1918 Browning Automatic Rifles
Grenade Package
Engineer Squad
M8 Greyhound Armored Car
Scout Squad
Riflemen Squad
Construct Tank Depot
M1 Anti-tank Gun Team
M4A1 Sherman Medium Tank
Selects Special Operations Battlegroup
Selects M29 Weasel Recon Vehicle
Selects P-47 Anti-Infantry Loiter
Selects UNKNOWN (2162291)
Selects Raiding Flares
Selects SSF Commando Squad
Selects Assault Operation
M4A1 Sherman Whizbang
Construct Weapon Support Center
P-47 Anti-Infantry Loiter
M4A1 Sherman Medium Tank
Raiding Flares
M4A1 Sherman Medium Tank
M3 Armored Personnel Carrier
P-47 Anti-Infantry Loiter
P-47 Anti-Infantry Loiter
john china
Spriggan
Mr. Bailiff
JuicyBeijingDUCK
Corvuxluna
[RMN] Brown Caesar
GhostLegion
RECACE
0
0
Comments
sign in to comment!
No comments posted yet!